 Dungeon Crawl Stone Soup version 0.21.0-3-g78d12a8 (webtiles) character file.

1277 MTVSty1e the Cleaver (level 8, 0/69 HPs)
             Began as a Human Berserker on Jan 10, 2018.
             Was a Priest of Trog.
             Slain by a sky beast (6 damage)
             ... on level 6 of the Dungeon.
             The game lasted 00:09:09 (5921 turns).

MTVSty1e the Cleaver (Human Berserker)              Turns: 5921, Time: 00:09:10

Health: 0/69       AC: 11    Str: 24    XL:     8   Next: 84%
Magic:  8/8        EV:  8    Int:  8    God:    Trog [***...]
Gold:   360        SH:  0    Dex: 13    Spells: 7/7 levels left

rFire    . . .     SeeInvis .   t - +6 mace of Fukoasto {crush, rC+}
rCold    + . .     Gourm    .   (no shield)
rNeg     . . .     Faith    .   f - +0 chain mail
rPois    .         Spirit   .   (helmet restricted)
rElec    .         Reflect  .   (no cloak)
rCorr    .         Harm     .   h - +0 pair of gloves
MR       .....                  l - +1 pair of boots
Stlth    ..........             (no amulet)
HPRegen  0.21/turn              (no ring)
MPRegen  0.11/turn              (no ring)

@: berserking, lethally poisoned (0 -> -3), drained, very quick
A: antennae 1, claws 1, frail 2
a: Berserk, Trog's Hand, Burn Spellbooks, Renounce Religion


You were on level 6 of the Dungeon.
You worshipped Trog.
Trog was most pleased with you.
You were very hungry.

You visited 1 branch of the dungeon, and saw 6 of its levels.

You collected 360 gold pieces.

Inventory:

Hand Weapons
 a - a +0 hand axe
 e - a +0 war axe
 t - the +6 mace of Fukoasto (weapon) {crush, rC+}
   (You found it on level 6 of the Dungeon)

   It inflicts extra damage upon your enemies.
   It protects you from cold.
Armour
 b - a +0 animal skin
 d - a +0 ring mail
 f - a +0 chain mail (worn)
 h - a +0 pair of gloves (worn)
 l - a +1 pair of boots (worn)
 u - a +0 helmet
Wands
 m - a wand of random effects (26)
 v - a wand of enslavement (7)
Scrolls
 g - 3 scrolls of identify
 i - 2 scrolls of magic mapping
 k - 7 scrolls of teleportation
 o - a scroll of blinking {unknown}
 p - 2 scrolls of enchant armour
 r - a scroll of enchant weapon {unknown}
Potions
 j - a potion of berserk rage {unknown}
 n - a potion of heal wounds
 q - a potion of flight {unknown}
 s - 2 potions of curing {unknown}
Comestibles
 c - 7 rations


   Skills:
 - Level 3.0(2.7) Fighting
 * Level 10.4(10.1) Axes
 - Level 0.3(6.3) Maces & Flails
 - Level 2.0(1.7) Armour
 - Level 2.0(1.7) Dodging


You had 7 spell levels left.
You didn't know any spells.

Dungeon Overview and Level Annotations

Branches:
Dungeon (6/15)
 Temple: D:4-7

Altars:
Hepliaklqana
Ru
Vehumet
Zin


Innate Abilities, Weirdness & Mutations

You have a pair of small antennae on your head.
You have sharp fingernails.
You are very frail. (-20% HP)


Message History

Reactivating autopickup.
The sky beast closely misses you. The wight hits you with a morningstar!
You feel drained.
* * * LOW HITPOINT WARNING * * *
A red film seems to cover your vision as you go berserk!
You feel yourself moving faster!
You feel mighty!
You are feeling very hungry.
You feel sick.
The sky beast hits you but does no damage.
The wight hits you with a morningstar!
* * * LOW HITPOINT WARNING * * *
You thump the wight!
You destroy the wight!
Trog accepts your kill.
The sky beast flickers out of sight!
Deactivating autopickup; reactivate with Ctrl-A.
Something hits you.
* * * LOW HITPOINT WARNING * * *
Something shocks you.
You die...

######......
...........
......<...#
.........######
#.............
#.........(#
#..){....#
z#@?..# #...##
# ##..## #.
##...#
#.###...##
#..#...##
#.....##
#.....# ###
#.....####.##


There were no monsters in sight!

Vanquished Creatures
  The ghost of Gandalfino the Quickloader, a novice CeHu of Okawaru (D:6)
  Menkaure (D:5)
  A sky beast (D:6)
  A scorpion (D:4)
  4 wights (D:6)
  The ghost of dscm the Grave Robber, a weakling OpNe (D:5)
  A centaur zombie (D:6)
  A hound (D:4)
  2 orc priests
  3 worker ants
  A hound skeleton (D:4)
  A worker ant zombie (D:6)
  7 adders
  A shadow imp (D:5)
  3 worms
  3 leopard geckos
  4 orcs
  A ball python (D:2)
  11 giant cockroaches
  6 goblins
  7 hobgoblins
  4 jackals
  12 kobolds
  2 quokkas
  5 bats
  5 frilled lizards
  A giant cockroach zombie (D:6)
  2 jackal skeletons
  9 rats
101 creatures vanquished.

Notes
Turn   | Place    | Note
-------+----------+-------------------------------------------
     0 | D:1      | MTVSty1e the Human Berserker began the quest for the Orb.
     0 | D:1      | Reached XP level 1. HP: 18/18 MP: 1/1
   133 | D:1      | Reached XP level 2. HP: 24/24 MP: 2/2
   405 | D:1      | Reached skill level 4 in Axes
   405 | D:1      | Reached XP level 3. HP: 29/29 MP: 3/3
   526 | D:1      | Reached ** piety under Trog
   810 | D:2      | Reached XP level 4. HP: 17/35 MP: 4/4
  1030 | D:2      | Found a hazy altar of Hepliaklqana.
  1173 | D:2      | Reached skill level 5 in Axes
  1807 | D:2      | Reached XP level 5. HP: 41/41 MP: 5/5
  1879 | D:2      | Found a glowing silver altar of Zin.
  2171 | D:3      | Reached skill level 6 in Axes
  2888 | D:3      | Gained mutation: You are somewhat resistant to further mutation. [potion of mutation]
  2888 | D:3      | Gained mutation: You have a pair of small antennae on your head. [potion of mutation]
  2889 | D:3      | Lost mutation: You are somewhat resistant to further mutation. [potion of mutation]
  2889 | D:3      | Lost mutation: You have a pair of small antennae on your head. [potion of mutation]
  2889 | D:3      | Gained mutation: You are weak. (Str -2) [potion of mutation]
  2889 | D:3      | Gained mutation: You passively map a small area around you. [potion of mutation]
  2889 | D:3      | Gained mutation: You are partially covered in slimy green scales. (AC +2) [potion of mutation]
  2890 | D:3      | Lost mutation: You are partially covered in slimy green scales. (AC +2) [potion of mutation]
  2890 | D:3      | Lost mutation: You passively map a small area around you. [potion of mutation]
  2890 | D:3      | Lost mutation: You are weak. (Str -2) [potion of mutation]
  2890 | D:3      | Gained mutation: You are frail. (-10% HP) [potion of mutation]
  2890 | D:3      | Gained mutation: You are very frail. (-20% HP) [potion of mutation]
  2890 | D:3      | Gained mutation: You have sharp fingernails. [potion of mutation]
  2890 | D:3      | Gained mutation: You have a pair of small antennae on your head. [potion of mutation]
  3234 | D:3      | Found a sacrificial altar of Ru.
  3324 | D:4      | Reached XP level 6. HP: 37/37 MP: 6/6
  3826 | D:4      | Reached skill level 7 in Axes
  4136 | D:4      | Found a radiant altar of Vehumet.
  4149 | D:5      | Entered Level 5 of the Dungeon
  4240 | D:5      | Noticed dscm's ghost (weakling OpNe)
  4250 | D:5      | Killed dscm's ghost
  4264 | D:5      | Reached XP level 7. HP: 33/41 MP: 7/7
  4899 | D:5      | Noticed Menkaure
  4911 | D:5      | Killed Menkaure
  4911 | D:5      | Reached skill level 8 in Axes
  5476 | D:6      | Noticed Gandalfino's ghost (novice CeHu)
  5492 | D:6      | Killed Gandalfino's ghost
  5492 | D:6      | Reached skill level 9 in Axes
  5492 | D:6      | Reached XP level 8. HP: 26/46 MP: 8/8
  5509 | D:6      | Got a slimy mace
  5514 | D:6      | Identified the +6 mace of Fukoasto {crush, rC+} (You found it on level 6 of the Dungeon)
  5908 | D:6      | Reached skill level 10 in Axes
  5913 | D:6      | Reached *** piety under Trog
  5921 | D:6      | Slain by a sky beast

Skill      XL: |  1  2  3  4  5  6  7  8 |
---------------+-------------------------+-----
Axes           | 4 5 6 7 9 10 | 10.4
Fighting       | |  3.0
Maces & Flails | |  0.3
Armour         | |  2.0
Dodging        | |  2.0

Action                   |  1- 3 |  4- 6 |  7- 9 || total
-------------------------+-------+-------+-------++-------
Melee: Hand axe          |   105 |   108 |       ||   213
       War axe           |       |   107 |    38 ||   145
       Mace              |       |       |    26 ||    26
Invok: Berserk           |       |       |     3 ||     3
  Use: Scroll            |       |    10 |     1 ||    11
       Potion            |       |     5 |     1 ||     6
  Eat: Ration            |       |     2 |     2 ||     4
       Chunk             |       |     4 |       ||     4
Armor: Chain mail        |    71 |   133 |    31 ||   235
       Animal skin       |     1 |       |       ||     1
Dodge: Dodged            |    56 |    92 |    17 ||   165
